 Dungeon Crawl Stone Soup version 0.25.0-11-g1f837a76a1 (webtiles) character file.

Game seed: 6062001746192950180

18 Kerr0r the Sneak (level 2, 0/13 HPs)
             Began as a Spriggan Enchanter on June 25, 2020.
             Succumbed to a worker ant's poison
             ... on level 1 of the Dungeon.
             The game lasted 00:06:43 (1656 turns).

Kerr0r the Sneak (Spriggan Enchanter)               Turns: 1656, Time: 00:06:44

Health: 0/13       AC:  2    Str:  4    XL:     2   Next: 51%
Magic:  4/6        EV: 18    Int: 16    God:
Gold:   30         SH:  0    Dex: 16    Spells: 3/6 levels left

rFire    . . .     SeeInvis +   a - +2 dagger
rCold    . . .     Gourm    .   (shield restricted)
rNeg     . . .     Faith    .   b - +0 robe
rPois    .         Spirit   .   j - +0 hat
rElec    .         Reflect  .   (no cloak)
rCorr    .         Harm     .   (gloves unavailable)
MR       .....                  (boots unavailable)
Stlth    +++.......             (no amulet)
HPRegen  0.04/turn              (no ring)
MPRegen  0.10/turn              (no ring)

@: lethally poisoned (0 -> -9), very quick
A: very small, unfitting armour, see invisible, herbivore, speed 3, slow
metabolism 2
a: no special abilities


You were on level 1 of the Dungeon.
You were not hungry.

You visited 1 branch of the dungeon, and saw 2 of its levels.

You collected 30 gold pieces.

Inventory:

Hand Weapons
 a - a +2 dagger (weapon)
 e - a -1 short sword
Armour
 b - a +0 robe (worn)
 j - a +0 hat (worn)
Jewellery
 f - an uncursed ring of positive energy {unknown}
Scrolls
 c - a scroll of remove curse
 g - a scroll of enchant weapon
 h - a scroll of enchant armour {unknown}
 i - a scroll of amnesia {unknown}
Comestibles
 d - 3 rations


   Skills:
 + Level 2.1 Short Blades
 - Level 3.0 Dodging
 + Level 5.2 Stealth
 - Level 2.6 Spellcasting
 - Level 3.6 Hexes


You had 3 spell levels left.
You knew the following spells:

 Your Spells              Type           Power        Failure   Level  Hunger
a - Corona                Hex            ##.....      4%          1    #......
b - Ensorcelled Hibernat  Hex/Ice        #.....       14%         2    ##.....

Your spell library contained the following spells:

 Spells                   Type           Power        Failure   Level  Hunger
 Confusing Touch          Hex            ##......     13%         3    ###....
 Tukima's Dance           Hex            ##......     13%         3    ###....
 Dazzling Flash           Conj/Hex       #.....       28%         3    ###....


Dungeon Overview and Level Annotations

Branches:
Dungeon (2/15)

Altars:


Innate Abilities, Weirdness & Mutations

You are very small and have problems with some larger weapons.
You are too small for most types of armour.
You have supernaturally acute eyesight. (SInv)
You are a herbivore.
You cover ground extremely quickly.
You need to consume almost no food.


Message History

You are lethally poisoned!
The worker ant poisons you!
You feel sick.
You feel sick.
* * * LOW HITPOINT WARNING * * *
You feel sick.
Casting: Ensorcelled Hibernation (safe; 14% risk of failure)
Confirm with . or Enter, or press ? or * to list all spells.
Aiming: Ensorcelled Hibernation (safe; 14% risk of failure)
Press: ? - help, Shift-Dir - straight line, f - worker ant
Aim: a worker ant (chance to defeat MR: 48%)
The worker ant looks drowsy...
The kobold shouts!
* * * LOW HITPOINT WARNING * * *
You feel sick.
You aren't carrying any potions.
* * * LOW HITPOINT WARNING * * *
You feel sick. The kobold misses you.
You die...

#..##...####............#
#..##.........######..#.#
#..###..####..# ###..#.######
#....K........# #......)....#
#.####..#####.####)#..#.####.#
#.####..####.......#..#.# #.#
#.............######.>#.# #.##
#######.....#K######..#.#
##...
#####...@..ar...#.###.###
##########.......#...
#.#......### #...###### #####


You could see a worker ant (asleep), a kobold and a rat.

Vanquished Creatures
  An ooze (D:1)
  A leopard gecko (D:1)
  A bat (D:1)
  A giant cockroach (D:1)
  A goblin (D:1)
  A hobgoblin (D:1)
  4 kobolds (D:1)
  2 rats (D:1)
12 creatures vanquished.

Notes
Turn   | Place    | Note
-------+----------+-------------------------------------------
     0 | D:1      | Kerr0r the Spriggan Enchanter began the quest for the Orb.
     0 | D:1      | Reached XP level 1. HP: 9/9 MP: 5/5
   498 | D:1      | Reached skill level 5 in Stealth
   498 | D:1      | Reached XP level 2. HP: 13/13 MP: 6/6
   527 | D:1      | Learned a level 2 spell: Ensorcelled Hibernation
  1656 | D:1      | Succumbed to a worker ant's poison

Illustrated notes

Levels and vault maps discovered:
D:1:      eino_arrival_cavern_a, layout_loops_ring
D:2:      layout_loops_ring

Skill      XL: |  1  2 |
---------------+-------+-----
Stealth        | 5 |  5.2
Short Blades   | 2 |  2.1
Dodging        | |  3.0
Spellcasting   | |  2.6
Hexes          | |  3.6

Action                   || total
-------------------------++-------
Melee: Dagger            ||    36
       Short sword       ||     4
 Cast: Corona            ||     1
       Ensorcelled Hiber ||    15
  Use: Scroll            ||     2
 Stab: Sleeping          ||     6
       Distracted        ||     1
Armor: Robe              ||     6
Dodge: Dodged            ||    27
